 Dungeon Crawl Stone Soup version 0.31.0 (webtiles) character file.

Game seed: 11482517773529112384

84 qw the Shooter (level 4, -4/27 HPs)
             Began as a Gargoyle Hunter on Jan 19, 2024.
             Slain by a black bear (5 damage)
             ... on level 6 of the Dungeon.
             The game lasted 00:00:05 (1645 turns).

qw the Shooter (Gargoyle Hunter)                    Turns: 1645, Time: 00:00:06

Health: -4/27      AC:  8    Str: 14    XL:     4   Next: 45%
Magic:  4/4        EV: 11    Int: 10    God:
Gold:   103        SH:  0    Dex: 15    Spells: 3/3 levels left

rFire   . . .        a - +0 shortbow (elec)
rCold   . . .        (shield currently unavailable)
rNeg    + . .        f - +0 ring mail
rPois   inf          (no helmet)
rElec   +            (no cloak)
rCorr   .            (no gloves)
SInv    .            (no boots)
Will    .....        (no amulet)
Stlth   +            (no ring)
HPRegen 0.24/turn    (no ring)
MPRegen 0.09/turn

%: no passive effects
@: no status effects
A: sickness immunity, AC +3, negative energy resistance 1, electricity
resistance, torment resistance 1, petrification resistance
a: no special abilities


You were on level 6 of the Dungeon.
You visited 1 branch of the dungeon, and saw 4 of its levels.

You collected 103 gold pieces.


Innate Abilities, Weirdness & Mutations

You are immune to sickness and miasma.
Your stone body is resilient. (AC +3)
You are immune to poison.
You resist negative energy. (rN+)
You are resistant to electric shocks. (rElec)
You are resistant to unholy torment.
You are immune to petrification.


   Skills:
 + Level 2.6 Fighting
 - Level 5.3 Ranged Weapons
 - Level 1.3 Armour
 - Level 1.5 Dodging
 - Level 1.1 Stealth


You had 3 spell levels left.
You didn't know any spells.
Your spell library was empty.

Inventory:

Hand Weapons
 a - a +0 shortbow of electrocution (weapon)
Armour
 f - a +0 ring mail (worn)
Wands
 b - a wand of polymorph (8)
Scrolls
 c - a scroll of poison {unknown}
 e - a scroll of immolation {unknown}
 h - a scroll of teleportation
Potions
 d - 2 potions of curing
 g - a potion of resistance

Dungeon Overview and Level Annotations

Branches:
Dungeon (3/15)

Altars:


Message History

You start resting.
HP restored.
A black bear comes into view.
You shoot an arrow.
The arrow hits the black bear but does no damage.
Lightning courses through the black bear!
The black bear growls angrily.
The black bear is moderately wounded.
You shoot an arrow.
The arrow closely misses the black bear.
You shoot an arrow.
The arrow closely misses the black bear.
You shoot an arrow. The arrow hits the black bear.
The black bear is heavily wounded.
You shoot an arrow. The arrow hits the black bear!
The black bear is severely wounded.
The black bear goes berserk!
You shoot an arrow. The arrow barely misses the black bear.
The black bear closely misses you. x2
The black bear claws you but does no damage.
The black bear bites you but does no damage.
The black bear claws you but does no damage. x2
You shoot an arrow. The arrow barely misses the black bear.
The black bear completely misses you.
The black bear claws you but does no damage.
The black bear claws you. The black bear bites you.
The black bear claws you but does no damage.
The black bear misses you.
You shoot an arrow.
The arrow hits the black bear but does no damage.
The black bear is severely wounded.
The black bear bites you but does no damage.
The black bear claws you. x2; The black bear bites you!
The black bear claws you but does no damage. x2
You shoot an arrow.
The arrow closely misses the black bear.
The black bear bites you!
The black bear claws you but does no damage. x2
The black bear closely misses you. x2; The black bear claws you.
You die...

...............#
...............###
.................
..............^#
...............##
................## #
#>......[........###.###
##.....#.....#..........
#############..@.......
###.h.>.... ##.......
....... ....... .......
....... .......


You could see a black bear (berserk).

Vanquished Creatures
  Terence (D:2)
  2 adders (D:6)
  A ribbon worm (D:2)
  A dart slug (D:2)
  3 ball pythons
  2 endoplasms (D:1)
  A giant cockroach (D:1)
  7 goblins
  4 hobgoblins
  3 kobolds
  4 bats
  3 frilled lizards
  3 rats
35 creatures vanquished.

Notes
Turn   | Place    | Note
-------+----------+-------------------------------------------
     0 | D:1      | qw the Gargoyle Hunter began the quest for the Orb.
     0 | D:1      | Reached XP level 1. HP: 12/12 MP: 1/1
     0 | D:1      | 0 ||| qw: Version: 0.3-a-132-g3d54051
     0 | D:1      | 0 ||| qw: Game counter: 110
     0 | D:1      | 0 ||| qw: Melee chars always use a shield: true
     0 | D:1      | 0 ||| qw: God list: Okawaru
     0 | D:1      | 0 ||| qw: Allow faded altars: false
     0 | D:1      | 0 ||| qw: Do Orc after clearing Dungeon:15 true
     0 | D:1      | 0 ||| qw: Do second Lair branch before Depths: true
     0 | D:1      | 0 ||| qw: Lair rune preference: random
     0 | D:1      | 0 ||| qw: Goals: Normal
     0 | D:1      | 0 ||| PLANNING D:1-11
   303 | D:1      | Reached XP level 2. HP: 17/17 MP: 2/2
   396 | D:1      | Found a faded altar of an unknown god.
   765 | D:1      | 765 ||| READING scroll labelled XUELASUFEM.
   765 | D:1      | 765 ||| IDENTIFYING fizzy ruby potion
   766 | D:1      | 766 ||| READING scroll labelled ZUUJUWKO RYHUR.
   767 | D:1      | 767 ||| DROPPING scroll of butterflies.
   815 | D:2      | 815 ||| FLEEEEING.
   836 | D:2      | Reached XP level 3. HP: 21/21 MP: 3/3
   838 | D:2      | Noticed Terence
   851 | D:2      | HP: 2/21 [Terence/+0 flail (5)]
   852 | D:2      | Killed Terence
   853 | D:2      | Reached skill level 5 in Ranged Weapons
  1017 | D:2      | Reached XP level 4. HP: 27/27 MP: 4/4
  1438 | D:2      | 1438 ||| UPGRADING to +0 ring mail.
  1448 | D:2      | 1448 ||| DROPPING +0 leather armour.
  1449 | D:2      | 1449 ||| READING 2 scrolls of identify.
  1449 | D:2      | 1449 ||| IDENTIFYING lumpy pink potion
  1450 | D:2      | 1450 ||| READING scroll of identify.
  1450 | D:2      | 1450 ||| IDENTIFYING scroll labelled QEBYSK XAREXUCOJOD
  1451 | D:2      | 1451 ||| READING scroll labelled XEZAOKH ZOSAO.
  1452 | D:2      | 1452 ||| FLEEEEING.
  1562 | D:2      | 1562 ||| READING scroll labelled VOAFUCZ XEFUHU.
  1562 | D:2      | 1562 ||| BRANDING +0 shortbow.
  1600 | D:3      | You fall into a shaft and drop 3 floors!
  1630 | D:6      | Reached skill level 1 in Armour
  1636 | D:6      | Noticed a black bear
  1645 | D:6      | HP: 1/27 [black bear (7)]
  1645 | D:6      | Slain by a black bear

Levels and vault maps discovered:
D:1:      giann_wishing_wells, layout_loops_ring,
          shapermc_ecumenical_altar_mp_urbaneastern
D:2:      layout_basic, minmay_strange_pillars, hangedman_decor_clover_reticule,
          lightli_corner_chamber, uniq_terence
D:3:      minmay_evil_eye, layout_basic, amcnicky_altar_gilded,
          ashenzari_altar_1, minmay_overflow_temple_star_hex, serial_shops,
          nicolae_shop_getting_attention, uniq_sigmund, uniq_robin
D:6:      layout_rooms

Skill      XL: |  1  2  3  4 |
---------------+-------------+-----
Ranged Weapons | 5 |  5.3
Armour         | 1 |  1.3
Fighting       | |  2.6
Dodging        | |  1.5
Stealth        | |  1.1

Action                     |  1- 3 |  4- 6 || total
---------------------------+-------+-------++-------
   Fire: Shortbow          |    68 |    31 ||    99
    Use: Scroll            |     2 |     4 ||     6
 Armour: Leather armour    |    10 |       ||    10
         Ring mail         |       |    24 ||    24
  Dodge: Dodged            |     6 |    12 ||    18

Table legend:
 A = Non-vault XP
 B = Vault XP
 C = Vault XP percentage of total XP
 D = Non-vault monster count
 E = Vault monster count
 F = Vault count percentage of total count
                 A         B        C        D         E       F
            +---------+---------+-------+---------+---------+-------
      Total |      84 |      36 |  30.0 |      34 |       1 |   2.9
            +---------+---------+-------+---------+---------+-------
        D:1 |      30 |       0 |   0.0 |      18 |       0 |   0.0
        D:2 |      24 |      36 |  60.0 |      11 |       1 |   8.3
        D:3 |       3 |       0 |   0.0 |       3 |       0 |   0.0
        D:6 |      27 |       0 |   0.0 |       2 |       0 |   0.0
            +---------+---------+-------+---------+---------+-------
